WCHLSIM.com - West Coast Hockey League
html PUBLIC "-//W3C//DTD XHTML 1.0 Transitional//EN" "http://www.w3.org/TR/xhtml1/DTD/xhtml1-transitional.dtd"> WCHL - Game 593 - PORTLAND PIRATES vs TEXAS TOROS

PORTLAND PIRATES vs TEXAS TOROS

Created - 6 janvier 2024 at 00:01

Goals
1 2 3 T
PORTLAND PIRATES 0 1 0 1
TEXAS TOROS 1 1 0 2
Shots
1 2 3 T
PORTLAND PIRATES 8 10 15 33
TEXAS TOROS 9 6 11 26

1st period

1. TEXAS TOROS , Taylor Raddysh 5 (Owen Power 15) at 11:37

Penalties :
Dougie Hamilton (TEX) for Tripping (Minor) at 13:02

2nd period

2. PORTLAND PIRATES , Pavel Zacha 10 (Chandler Stephenson 19, Yanni Gourde 18) at 2:29 (PP)
3. TEXAS TOROS , Dougie Hamilton 4 (Troy Terry 13, Mikhail Sergachev 12) at 6:52 (PP)

Penalties :
Mikhail Sergachev (TEX) for Holding (Minor) at 0:50, Dougie Hamilton (TEX) for Hooking (Minor) at 2:32, Marc Staal (POR) for Cross-checking (Minor) at 5:19, Danton Heinen (TEX) for Hooking (Minor) at 10:36, Tyson Foerster (TEX) for Interference (Minor) at 16:52

3rd period

No Goal

Penalties :
Daniil Tarasov (TEX) for Slashing (Minor) at 0:25 - Jonathan Toews served the penalty., Owen Power (TEX) for High sticking (Minor) at 4:59, Mika Zibanejad (POR) for Hooking (Minor) at 4:59, William Carrier (POR) for Slashing (Minor) at 9:55, Wade Allison (TEX) for Slashing (Minor) at 18:05

Goalie Stats

Martin Jones (POR), 24 saves from 26 shots - (0,923), L, 22-13-1, 59:18 minutes
Daniil Tarasov (TEX), 32 saves from 33 shots - (0,970), W, 6-3-2, 60:00 minutes

Players Stats for PORTLAND PIRATES

Player Name              G  A  P  +/- PIM S  H  SB GA TA FO     MP     PP MP  PK MP  
------------------------------------------------------------------------------------
Alec Martinez            0  0  0   0  0   1  0  0  0  0  0/0    20:42   6:58   0:32 
Brett Pesce              0  0  0  -1  0   2  0  1  0  0  0/0    16:33   0:00   1:57 
Brian Dumoulin           0  0  0   0  0   0  0  0  0  0  0/0    16:47   0:00   1:35 
Chandler Stephenson      0  1  1   0  0   4  4  0  0  0  15/27  21:30   6:44   0:08 
Marc Staal               0  0  0   0  2   0  2  2  0  0  0/0    22:37   6:30   0:56 
Michael Amadio           0  0  0   0  0   0  0  0  0  0  0/2    12:53   0:00   1:07 
Michael McLeod           0  0  0   0  0   0  1  0  0  0  6/11   13:37   0:00   2:11 
Mika Zibanejad           0  0  0   0  2   7  1  0  0  0  15/24  18:08   6:44   0:00 
Nathan Bastian           0  0  0  -1  0   0  1  1  0  0  0/1     7:08   0:00   1:57 
Nick Holden              0  0  0   0  0   0  2  1  0  0  0/0    20:39   6:58   0:29 
Pavel Zacha              1  0  1   0  0   4  2  0  0  0  1/1    18:09   6:44   0:00 
Robert Thomas            0  0  0   0  0   4  0  0  0  0  1/1    19:43   6:44   0:00 
Ryan Donato              0  0  0  -1  0   1  0  0  0  0  3/6     5:11   0:00   0:00 
Samuel Blais             0  0  0  -1  0   0  0  0  0  0  0/0     6:05   0:00   0:34 
Travis Hamonic           0  0  0  -1  0   1  0  0  0  0  0/0    22:41   6:30   1:35 
Travis Konecny           0  0  0   0  0   7  1  0  0  0  2/4    19:48   6:44   0:00 
William Carrier          0  0  0   0  2   0  1  0  0  0  0/0    11:25   0:00   0:00 
Yanni Gourde             0  1  1   0  0   2  5  1  0  0  0/0    20:50   6:44   1:07 

Players Stats for TEXAS TOROS

Player Name              G  A  P  +/- PIM S  H  SB GA TA FO     MP     PP MP  PK MP  
------------------------------------------------------------------------------------
Danton Heinen            0  0  0   0  2   0  0  0  0  0  0/12   19:46   0:47   6:09 
Dougie Hamilton          1  0  1   0  4   4  1  1  0  0  0/0    22:49   1:19   4:42 
Jesse Ylonen             0  0  0   0  0   1  0  0  0  0  0/0     8:11   0:32   0:00 
Jonathan Toews           0  0  0   0  0   2  0  0  0  0  12/19  14:17   0:00   0:12 
Kevin Hayes              0  0  0   1  0   0  0  1  0  0  5/13   22:23   2:13   7:40 
Mikhail Sergachev        0  1  1   0  2   1  2  2  0  0  0/0    24:25   1:19   6:17 
Miles Wood               0  0  0   1  0   0  1  0  0  0  0/1    13:29   2:13   0:00 
Nate Schmidt             0  0  0   1  0   0  3  1  0  0  0/0    14:57   0:00   2:41 
Owen Power               0  1  1   1  2   0  0  1  0  0  0/0    12:15   0:00   0:00 
Ryan Poehling            0  0  0   0  0   2  1  1  0  0  5/7     7:39   0:00   0:00 
Ryan Suter               0  0  0   0  0   0  1  1  0  0  0/0    22:48   2:13   6:41 
Taylor Raddysh           1  0  1   1  0   2  1  0  0  0  0/0    13:29   2:13   0:00 
Trevor Zegras            0  0  0   0  0   3  1  0  0  0  8/14   17:07   1:19   5:48 
Troy Terry               0  1  1   0  0   5  0  0  0  0  3/7    20:43   1:19   5:48 
Tyson Barrie             0  0  0   0  0   1  0  0  0  0  0/0    22:42   2:13   6:35 
Tyson Foerster           0  0  0   0  2   1  1  0  0  0  0/0     7:38   0:00   0:00 
Wade Allison             0  0  0   0  2   3  1  0  0  0  1/4    10:33   0:00   1:19 
Yegor Chinakhov          0  0  0   0  0   1  0  0  0  0  0/0     9:15   0:00   0:00 

3 Stars

1 - Daniil Tarasov (TEX)
2 - Taylor Raddysh (TEX)
3 - Pavel Zacha (POR)

Power Play

PORTLAND PIRATES - 1 on 7 Attempt(s) - 14,29%
TEXAS TOROS - 1 on 2 Attempt(s) - 50,00%

Penalty Kill

PORTLAND PIRATES - 1 on 2 Attempt(s) - 50,00% - Score 0 goal in Penalty Kill
TEXAS TOROS - 6 on 7 Attempt(s) - 85,71% - Score 0 goal in Penalty Kill

Team Stat

PORTLAND PIRATES - Hits : 20 - Faceoff Wins : 43 - Blocked Shots : 6 - Penalty Minutes : 6
TEXAS TOROS - Hits : 13 - Faceoff Wins : 34 - Blocked Shots : 8 - Penalty Minutes : 16

Official

Referees : Chris Rooney and Ian Walsh
Linesman : Travis Toomey and Matt Brady

Game Notes

No Game Note

Finance

Level 1 -- Attendance: 4707 (72,42%) -- Ticket Income 800 190 $
Level 2 -- Attendance: 4107 (74,67%) -- Ticket Income 492 840 $
Level 3 -- Attendance: 2179 (72,63%) -- Ticket Income 196 110 $
Level 4 -- Attendance: 4790 (95,80%) -- Ticket Income 287 400 $
Luxury Box -- Attendance: 629 (62,90%) -- Ticket Income 251 600 $
Game was played at the Red Bull Arena.
Total Attendance: 16412 (78,15%)
Total Ticket Income: 2 028 140 $
Other Expense: 20 281 $
Total Income: 2 007 859 $

PORTLAND PIRATES

5 vs 5 Forward 
   Center                   Left Wing                Right Wing               Time % Phy DF OF 
 1 Mika Zibanejad           Pavel Zacha              Travis Konecny           33     0   2  3  
 2 Chandler Stephenson      Yanni Gourde             Robert Thomas            33     0   2  3  
 3 Michael McLeod           William Carrier          Michael Amadio           24     0   3  2  
 4 Ryan Donato              Samuel Blais             Nathan Bastian           10     0   3  2  

5 vs 5 Defense 
   Defense                  Defense                                           Time % Phy DF OF 
 1 Brett Pesce              Travis Hamonic                                    34     0   4  1  
 2 Brian Dumoulin           Marc Staal                                        34     0   4  1  
 3 Alec Martinez            Nick Holden                                       22     0   4  1  
 4 Alec Martinez            Nick Holden                                       10     0   4  1  

PowerPlay Forward 
   Center                   Left Wing                Right Wing               Time % Phy DF OF 
 1 Mika Zibanejad           Travis Konecny           Robert Thomas            60     0   0  5  
 2 Chandler Stephenson      Pavel Zacha              Yanni Gourde             40     0   0  5  

PowerPlay Defense
   Defense                  Defense                                           Time % Phy DF OF 
 1 Alec Martinez            Nick Holden                                       60     0   1  4  
 2 Marc Staal               Travis Hamonic                                    40     0   1  4  

Penalty Kill 4 Players Forward 
   Center                   Wing                     Time % Phy DF OF 
 1 Michael McLeod           Nathan Bastian           60     0   5  0  
 2 Yanni Gourde             Michael Amadio           40     0   5  0  

Penalty Kill 4 Players Defense
   Defense                  Defense                  Time % Phy DF OF 
 1 Brett Pesce              Marc Staal               60     0   5  0  
 2 Brian Dumoulin           Travis Hamonic           40     0   5  0  

Penalty Kill - 3 Players Forward 
   Forward                                           Time % Phy DF OF 
 1 Michael McLeod                                    55     0   5  0  
 2 Chandler Stephenson                               45     0   5  0  

Penalty Kill - 3 Players Defense
   Defense                  Defense                  Time % Phy DF OF 
 1 Brian Dumoulin           Travis Hamonic           55     0   5  0  
 2 Brett Pesce              Alec Martinez            45     0   5  0  

4 vs 4 Forward 
   Center                   Wing                     Time % Phy DF OF 
 1 Mika Zibanejad           Travis Konecny           55     0   1  4  
 2 Chandler Stephenson      Robert Thomas            45     0   1  4  

4 vs 4 Defense
   Defense                  Defense                  Time % Phy DF OF 
 1 Alec Martinez            Nick Holden              55     0   2  3  
 2 Marc Staal               Travis Hamonic           45     0   2  3  

Last Minutes Offensive
   Center                   Left Wing                Right Wing               Defense                  Defense                  
   Mika Zibanejad           Travis Konecny           Robert Thomas            Brian Dumoulin           Brett Pesce              

Last Minutes Defensive
   Center                   Left Wing                Right Wing               Defense                  Defense                  
   Michael McLeod           Chandler Stephenson      Yanni Gourde             Brian Dumoulin           Brett Pesce              

Goaltenders
Starting : Martin Jones             
Backup : Cameron Talbot           

Extra Forwards
Normal : William Carrier, Michael McLeod, Michael Amadio - PP : William Carrier, Michael Amadio - PK : Samuel Blais
Extra Defensemen
Normal : Alec Martinez, Marc Staal, Travis Hamonic - PP : Brett Pesce - PK : Alec Martinez, Nick Holden
Penalty Shots
Mika Zibanejad, Travis Konecny, Robert Thomas, Chandler Stephenson, Pavel Zacha
Custom OT Lines Forwards
Mika Zibanejad, Robert Thomas, Travis Konecny, Chandler Stephenson, Yanni Gourde, Pavel Zacha, William Carrier, Michael McLeod, Michael Amadio, Samuel Blais
Custom OT Lines Defensemen
Brett Pesce, Brian Dumoulin, Travis Hamonic, Marc Staal, Nick Holden

Scratches
Ryan McLeod (Left Hip Injury), Thomas Chabot (Left Hip Injury), Sam Steel (Back Spasms Injury)

TEXAS TOROS

5 vs 5 Forward 
   Center                   Left Wing                Right Wing               Time % Phy DF OF 
 1 Jonathan Toews           Danton Heinen            Troy Terry               36     1   2  2  
 2 Kevin Hayes              Miles Wood               Taylor Raddysh           31     1   2  2  
 3 Trevor Zegras            Yegor Chinakhov          Wade Allison             23     1   2  2  
 4 Ryan Poehling            Jesse Ylonen             Tyson Foerster           10     1   2  2  

5 vs 5 Defense 
   Defense                  Defense                                           Time % Phy DF OF 
 1 Mikhail Sergachev        Dougie Hamilton                                   36     1   2  2  
 2 Tyson Barrie             Ryan Suter                                        31     1   2  2  
 3 Owen Power               Nate Schmidt                                      23     1   2  2  
 4 Mikhail Sergachev        Dougie Hamilton                                   10     1   2  2  

PowerPlay Forward 
   Center                   Left Wing                Right Wing               Time % Phy DF OF 
 1 Trevor Zegras            Danton Heinen            Troy Terry               55     1   2  2  
 2 Kevin Hayes              Miles Wood               Taylor Raddysh           45     1   2  2  

PowerPlay Defense
   Defense                  Defense                                           Time % Phy DF OF 
 1 Mikhail Sergachev        Dougie Hamilton                                   55     1   2  2  
 2 Tyson Barrie             Ryan Suter                                        45     1   2  2  

Penalty Kill 4 Players Forward 
   Center                   Wing                     Time % Phy DF OF 
 1 Danton Heinen            Kevin Hayes              55     1   2  2  
 2 Troy Terry               Trevor Zegras            45     1   2  2  

Penalty Kill 4 Players Defense
   Defense                  Defense                  Time % Phy DF OF 
 1 Mikhail Sergachev        Dougie Hamilton          55     1   2  2  
 2 Tyson Barrie             Ryan Suter               45     1   2  2  

Penalty Kill - 3 Players Forward 
   Forward                                           Time % Phy DF OF 
 1 Troy Terry                                        55     1   2  2  
 2 Kevin Hayes                                       45     1   2  2  

Penalty Kill - 3 Players Defense
   Defense                  Defense                  Time % Phy DF OF 
 1 Mikhail Sergachev        Dougie Hamilton          55     1   2  2  
 2 Tyson Barrie             Ryan Suter               45     1   2  2  

4 vs 4 Forward 
   Center                   Wing                     Time % Phy DF OF 
 1 Jonathan Toews           Kevin Hayes              55     1   2  2  
 2 Troy Terry               Trevor Zegras            45     1   2  2  

4 vs 4 Defense
   Defense                  Defense                  Time % Phy DF OF 
 1 Mikhail Sergachev        Dougie Hamilton          55     1   2  2  
 2 Tyson Barrie             Ryan Suter               45     1   2  2  

Last Minutes Offensive
   Center                   Left Wing                Right Wing               Defense                  Defense                  
   Jonathan Toews           Danton Heinen            Troy Terry               Mikhail Sergachev        Dougie Hamilton          

Last Minutes Defensive
   Center                   Left Wing                Right Wing               Defense                  Defense                  
   Jonathan Toews           Danton Heinen            Troy Terry               Mikhail Sergachev        Dougie Hamilton          

Goaltenders
Starting : Daniil Tarasov           
Backup : Philipp Grubauer         

Extra Forwards
Normal : Jesse Ylonen, Ryan Poehling, Wade Allison - PP : Jesse Ylonen, Ryan Poehling - PK : Wade Allison
Extra Defensemen
Normal : Owen Power, Nate Schmidt, Tyson Barrie - PP : Owen Power - PK : Nate Schmidt, Tyson Barrie
Penalty Shots
Ryan Poehling, Kevin Hayes, Troy Terry, Trevor Zegras, Taylor Raddysh
Custom OT Lines Forwards
Jesse Ylonen, Kevin Hayes, Troy Terry, Trevor Zegras, Taylor Raddysh, Ryan Poehling, Wade Allison, Danton Heinen, Tyson Foerster, Miles Wood
Custom OT Lines Defensemen
Mikhail Sergachev, Dougie Hamilton, Tyson Barrie, Ryan Suter, Owen Power

Scratches
Colin Blackwell (Healthy), Adin Hill (Right Ankle Injury)

% Time on Ice - PORTLAND PIRATES

Lines # - Real PCT - Wanted PCT - Time Play
Normal Forward
1 - 28% - 33% - 11:25
2 - 32% - 33% - 12:59
3 - 28% - 24% - 11:26
4 - 13% - 10% - 5:11
Normal Defense
1 - 35% - 34% - 14:16
2 - 37% - 34% - 15:12
3 - 23% - 22% - 9:28
4 - 5% - 10% - 2:05
PP Forward
1 - 50% - 60% - 6:44
2 - 50% - 40% - 6:44
PP Defense
1 - 52% - 60% - 6:58
2 - 48% - 40% - 6:30
PK Forward
1 - 68% - 60% - 2:25
2 - 32% - 40% - 1:07
PK Defense
1 - 55% - 60% - 1:57
2 - 45% - 40% - 1:35
PK3 Forward
1 - 0% - 55%
2 - 0% - 45%
PK3 Defense
1 - 0% - 55%
2 - 0% - 45%
44 Forward
1 - 100% - 55% - 1:59
2 - 0% - 45% - 0:00
44 Defense
1 - 83% - 55% - 1:39
2 - 17% - 45% - 0:20
Last Minute Offensive  - 0:00
Last Minute Defensive  - 0:00
Total
Forward - 60:00
Defense - 60:00

% Time on Ice - TEXAS TOROS

Lines # - Real PCT - Wanted PCT - Time Play
Normal Forward
1 - 31% - 36% - 12:51
2 - 27% - 31% - 11:16
3 - 23% - 23% - 9:15
4 - 19% - 10% - 7:39
Normal Defense
1 - 35% - 36% - 14:22
2 - 32% - 31% - 13:09
3 - 30% - 23% - 12:16
4 - 3% - 10% - 1:14
PP Forward
1 - 37% - 55% - 1:19
2 - 63% - 45% - 2:13
PP Defense
1 - 37% - 55% - 1:19
2 - 63% - 45% - 2:13
PK Forward
1 - 57% - 55% - 7:40
2 - 43% - 45% - 5:48
PK Defense
1 - 55% - 55% - 7:26
2 - 45% - 45% - 6:02
PK3 Forward
1 - 0% - 55%
2 - 0% - 45%
PK3 Defense
1 - 0% - 55%
2 - 0% - 45%
44 Forward
1 - 62% - 55% - 1:14
2 - 38% - 45% - 0:45
44 Defense
1 - 62% - 55% - 1:14
2 - 38% - 45% - 0:45
Last Minute Offensive  - 0:00
Last Minute Defensive  - 0:00
Total
Forward - 60:00
Defense - 60:00

Play-by-Play

1st period


0:01 of 1st period - Jonathan Toews wins face-off versus Mika Zibanejad in neutral zone.
0:32 of 1st period - Shot by Dougie Hamilton.
0:32 of 1st period - Stopped by Martin Jones with a rebound.
1:22 of 1st period - Shot by Chandler Stephenson.
1:22 of 1st period - Stopped by Daniil Tarasov with a rebound.
1:24 of 1st period - Shot by Robert Thomas.
1:24 of 1st period - Stopped by Daniil Tarasov without a rebound.
1:25 of 1st period - Trevor Zegras wins face-off versus Michael McLeod in TEXAS TOROS zone.
1:25 of 1st period - Trevor Zegras is hit by Michael McLeod.
1:59 of 1st period - Shot by Alec Martinez.
1:59 of 1st period - Shot Misses the Net.
2:10 of 1st period - Icing by Nate Schmidt.
2:11 of 1st period - Ryan Donato wins face-off versus Wade Allison in TEXAS TOROS zone.
3:33 of 1st period - Shot by Robert Thomas.
3:33 of 1st period - Shot Misses the Net.
3:39 of 1st period - Shot by Yanni Gourde.
3:39 of 1st period - Shot Misses the Net.
3:41 of 1st period - Shot by Yanni Gourde.
3:41 of 1st period - Shot Misses the Net.
4:01 of 1st period - Ryan Suter is hit by Pavel Zacha and loses puck.
4:06 of 1st period - Shot by Travis Konecny.
4:06 of 1st period - Stopped by Daniil Tarasov without a rebound.
4:07 of 1st period - Jonathan Toews wins face-off versus Michael McLeod in TEXAS TOROS zone.
5:29 of 1st period - Brian Dumoulin is hit by Nate Schmidt and loses puck.
6:14 of 1st period - Shot by Wade Allison.
6:14 of 1st period - Stopped by Martin Jones with a rebound.
6:16 of 1st period - Shot by Wade Allison.
6:16 of 1st period - Stopped by Martin Jones without a rebound.
6:17 of 1st period - Jonathan Toews wins face-off versus Travis Konecny in PORTLAND PIRATES zone.
6:59 of 1st period - Shot by Travis Konecny.
6:59 of 1st period - Stopped by Daniil Tarasov without a rebound.
7:00 of 1st period - Chandler Stephenson wins face-off versus Trevor Zegras in TEXAS TOROS zone.
7:09 of 1st period - Shot by Trevor Zegras.
7:09 of 1st period - Shot Blocked by Brett Pesce.
7:25 of 1st period - Shot by Trevor Zegras.
7:25 of 1st period - Stopped by Martin Jones without a rebound.
7:26 of 1st period - Ryan Donato wins face-off versus Kevin Hayes in PORTLAND PIRATES zone.
7:33 of 1st period - Alec Martinez is hit by Miles Wood and loses puck.
8:48 of 1st period - Shot by Trevor Zegras.
8:48 of 1st period - Deflect By Wade Allison.
8:48 of 1st period - Shot Misses the Net.
8:55 of 1st period - Off-side.
8:56 of 1st period - Jonathan Toews wins face-off versus Mika Zibanejad in neutral zone.
9:16 of 1st period - Mika Zibanejad is hit by Ryan Suter and loses puck.
10:48 of 1st period - Mikhail Sergachev is hit by Nick Holden and loses puck.
11:12 of 1st period - William Carrier is hit by Nate Schmidt and loses puck.
11:37 of 1st period - Shot by Taylor Raddysh.
11:37 of 1st period - Goal by Taylor Raddysh - PORTLAND PIRATES : 0 - TEXAS TOROS : 1.
11:38 of 1st period - Trevor Zegras wins face-off versus Travis Konecny in neutral zone.
11:50 of 1st period - Off-side.
11:51 of 1st period - Trevor Zegras wins face-off versus Chandler Stephenson in neutral zone.
11:56 of 1st period - Shot by Wade Allison.
11:56 of 1st period - Stopped by Martin Jones without a rebound.
11:57 of 1st period - Mika Zibanejad wins face-off versus Kevin Hayes in PORTLAND PIRATES zone.
11:57 of 1st period - Mika Zibanejad is hit by Taylor Raddysh.
13:00 of 1st period - Danton Heinen is hit by Chandler Stephenson and loses puck.
13:02 of 1st period - Minor Penalty to Dougie Hamilton for Tripping.
13:03 of 1st period - Chandler Stephenson wins face-off versus Danton Heinen in TEXAS TOROS zone.
14:07 of 1st period - Shot by Robert Thomas.
14:07 of 1st period - Stopped by Daniil Tarasov without a rebound.
14:08 of 1st period - Mika Zibanejad wins face-off versus Danton Heinen in TEXAS TOROS zone.
14:13 of 1st period - Shot by Mika Zibanejad.
14:13 of 1st period - Stopped by Daniil Tarasov without a rebound.
14:14 of 1st period - Chandler Stephenson wins face-off versus Danton Heinen in TEXAS TOROS zone.
15:02 of 1st period - Icing by Robert Thomas.
15:03 of 1st period - Michael McLeod wins face-off versus Ryan Poehling in PORTLAND PIRATES zone.
15:03 of 1st period - Travis Hamonic is hit by Ryan Poehling and loses puck.
15:08 of 1st period - Shot by Jesse Ylonen.
15:08 of 1st period - Deflect By Tyson Foerster.
15:08 of 1st period - Stopped by Martin Jones without a rebound.
15:09 of 1st period - Trevor Zegras wins face-off versus Michael McLeod in PORTLAND PIRATES zone.
15:34 of 1st period - Wade Allison is hit by William Carrier and loses puck.
17:07 of 1st period - Shot by Travis Konecny.
17:07 of 1st period - Stopped by Daniil Tarasov without a rebound.
17:08 of 1st period - Ryan Donato wins face-off versus Kevin Hayes in TEXAS TOROS zone.
17:08 of 1st period - Brett Pesce is hit by Mikhail Sergachev and loses puck.
18:16 of 1st period - Travis Konecny is hit by Mikhail Sergachev and loses puck.
18:22 of 1st period - Mika Zibanejad is hit by Dougie Hamilton and loses puck.
18:25 of 1st period - Shot by Travis Konecny.
18:25 of 1st period - Deflect By Pavel Zacha.
18:25 of 1st period - Stopped by Daniil Tarasov without a rebound.
18:26 of 1st period - Trevor Zegras wins face-off versus Chandler Stephenson in TEXAS TOROS zone.
18:26 of 1st period - Trevor Zegras is hit by Chandler Stephenson.
19:06 of 1st period - Shot by Trevor Zegras.
19:06 of 1st period - Stopped by Martin Jones with a rebound.
19:34 of 1st period - Shot by Jesse Ylonen.
19:34 of 1st period - Shot Blocked by Yanni Gourde.
19:36 of 1st period - Shot by Ryan Poehling.
19:36 of 1st period - Stopped by Martin Jones without a rebound.
19:37 of 1st period - Mika Zibanejad wins face-off versus Jonathan Toews in PORTLAND PIRATES zone.
19:45 of 1st period - Shot by Pavel Zacha.
19:45 of 1st period - Shot Misses the Net.
19:47 of 1st period - Shot by Mika Zibanejad.
19:47 of 1st period - Shot Misses the Net.
Goals for this period are 0 for PORTLAND PIRATES vs 1 for TEXAS TOROS.
Shots for this period are 8 for PORTLAND PIRATES vs 9 for TEXAS TOROS.

2nd period


0:01 of 2nd period - Mika Zibanejad wins face-off versus Jonathan Toews in neutral zone.
0:16 of 2nd period - Shot by Mika Zibanejad.
0:16 of 2nd period - Stopped by Daniil Tarasov without a rebound.
0:17 of 2nd period - Chandler Stephenson wins face-off versus Kevin Hayes in TEXAS TOROS zone.
0:39 of 2nd period - Icing by Nick Holden.
0:40 of 2nd period - Chandler Stephenson wins face-off versus Jonathan Toews in PORTLAND PIRATES zone.
0:50 of 2nd period - Minor Penalty to Mikhail Sergachev for Holding.
0:51 of 2nd period - Mika Zibanejad wins face-off versus Danton Heinen in TEXAS TOROS zone.
1:38 of 2nd period - Icing by Robert Thomas.
1:39 of 2nd period - Troy Terry wins face-off versus Mika Zibanejad in PORTLAND PIRATES zone.
2:09 of 2nd period - Dougie Hamilton is hit by Yanni Gourde and loses puck.
2:19 of 2nd period - Icing by Chandler Stephenson.
2:20 of 2nd period - Pavel Zacha wins face-off versus Danton Heinen in PORTLAND PIRATES zone.
2:29 of 2nd period - Shot by Pavel Zacha.
2:29 of 2nd period - Goal by Pavel Zacha - PORTLAND PIRATES : 1 - TEXAS TOROS : 1.
2:30 of 2nd period - Michael McLeod wins face-off versus Trevor Zegras in neutral zone.
2:32 of 2nd period - Minor Penalty to Dougie Hamilton for Hooking.
2:33 of 2nd period - Chandler Stephenson wins face-off versus Danton Heinen in TEXAS TOROS zone.
3:10 of 2nd period - Shot by Yanni Gourde.
3:10 of 2nd period - Shot Misses the Net.
3:50 of 2nd period - Shot by Travis Konecny.
3:50 of 2nd period - Shot Misses the Net.
4:19 of 2nd period - Tyson Barrie is hit by Pavel Zacha and loses puck.
4:54 of 2nd period - Shot by Michael Amadio.
4:54 of 2nd period - Shot Misses the Net.
4:57 of 2nd period - Icing by Mikhail Sergachev.
4:58 of 2nd period - Ryan Poehling wins face-off versus Ryan Donato in TEXAS TOROS zone.
4:58 of 2nd period - Dougie Hamilton is hit by Nathan Bastian and loses puck.
5:15 of 2nd period - Ryan Poehling is hit by Marc Staal and loses puck.
5:19 of 2nd period - Minor Penalty to Marc Staal for Cross-checking.
5:20 of 2nd period - Kevin Hayes wins face-off versus Nathan Bastian in PORTLAND PIRATES zone.
5:48 of 2nd period - Shot by Taylor Raddysh.
5:48 of 2nd period - Shot Misses the Net.
5:50 of 2nd period - Shot by Ryan Suter.
5:50 of 2nd period - Shot Blocked by Nathan Bastian.
5:52 of 2nd period - Shot by Tyson Barrie.
5:52 of 2nd period - Shot Blocked by Nick Holden.
6:40 of 2nd period - Shot by Mikhail Sergachev.
6:40 of 2nd period - Shot Misses the Net.
6:42 of 2nd period - Shot by Troy Terry.
6:42 of 2nd period - Shot Misses the Net.
6:52 of 2nd period - Shot by Dougie Hamilton.
6:52 of 2nd period - Goal by Dougie Hamilton - PORTLAND PIRATES : 1 - TEXAS TOROS : 2.
6:53 of 2nd period - Ryan Poehling wins face-off versus Mika Zibanejad in neutral zone.
7:14 of 2nd period - Shot by Pavel Zacha.
7:14 of 2nd period - Stopped by Daniil Tarasov with a rebound.
7:18 of 2nd period - Shot by Mika Zibanejad.
7:18 of 2nd period - Stopped by Daniil Tarasov without a rebound.
7:19 of 2nd period - Jonathan Toews wins face-off versus Chandler Stephenson in TEXAS TOROS zone.
7:19 of 2nd period - Jonathan Toews is hit by Chandler Stephenson.
7:24 of 2nd period - Jonathan Toews is hit by Chandler Stephenson and loses puck.
7:37 of 2nd period - Shot by Jonathan Toews.
7:37 of 2nd period - Shot Misses the Net.
7:39 of 2nd period - Shot by Troy Terry.
7:39 of 2nd period - Stopped by Martin Jones without a rebound.
7:40 of 2nd period - Mika Zibanejad wins face-off versus Trevor Zegras in PORTLAND PIRATES zone.
7:51 of 2nd period - Shot by Travis Konecny.
7:51 of 2nd period - Shot Blocked by Owen Power.
8:05 of 2nd period - Shot by Pavel Zacha.
8:05 of 2nd period - Stopped by Daniil Tarasov without a rebound.
8:06 of 2nd period - Jonathan Toews wins face-off versus Chandler Stephenson in TEXAS TOROS zone.
8:06 of 2nd period - Jonathan Toews is hit by Yanni Gourde.
8:12 of 2nd period - Shot by Yanni Gourde.
8:12 of 2nd period - Stopped by Daniil Tarasov without a rebound.
8:13 of 2nd period - Jonathan Toews wins face-off versus Chandler Stephenson in TEXAS TOROS zone.
8:53 of 2nd period - Shot by Troy Terry.
8:53 of 2nd period - Shot Misses the Net.
8:55 of 2nd period - Shot by Jonathan Toews.
8:55 of 2nd period - Stopped by Martin Jones without a rebound.
8:56 of 2nd period - Mika Zibanejad wins face-off versus Kevin Hayes in PORTLAND PIRATES zone.
9:08 of 2nd period - Shot by Taylor Raddysh.
9:08 of 2nd period - Shot Misses the Net.
9:25 of 2nd period - Tyson Barrie is hit by Mika Zibanejad and loses puck.
9:42 of 2nd period - Shot by Travis Konecny.
9:42 of 2nd period - Shot Misses the Net.
10:01 of 2nd period - Icing by Taylor Raddysh.
10:02 of 2nd period - Chandler Stephenson wins face-off versus Miles Wood in TEXAS TOROS zone.
10:03 of 2nd period - Shot by Robert Thomas.
10:03 of 2nd period - Stopped by Daniil Tarasov without a rebound.
10:04 of 2nd period - Jonathan Toews wins face-off versus Chandler Stephenson in TEXAS TOROS zone.
10:26 of 2nd period - Dougie Hamilton is hit by Yanni Gourde and loses puck.
10:36 of 2nd period - Minor Penalty to Danton Heinen for Hooking.
10:37 of 2nd period - Mika Zibanejad wins face-off versus Wade Allison in TEXAS TOROS zone.
10:40 of 2nd period - Shot by Travis Konecny.
10:40 of 2nd period - Stopped by Daniil Tarasov without a rebound.
10:41 of 2nd period - Mika Zibanejad wins face-off versus Wade Allison in TEXAS TOROS zone.
10:50 of 2nd period - Shot by Robert Thomas.
10:50 of 2nd period - Shot Misses the Net.
11:42 of 2nd period - Shot by Kevin Hayes.
11:42 of 2nd period - Shot Hit the Post.
11:44 of 2nd period - Shot by Dougie Hamilton.
11:44 of 2nd period - Shot Misses the Net.
11:46 of 2nd period - Shot by Dougie Hamilton.
11:46 of 2nd period - Stopped by Martin Jones without a rebound.
11:47 of 2nd period - Wade Allison wins face-off versus Chandler Stephenson in PORTLAND PIRATES zone.
12:34 of 2nd period - Icing by Travis Konecny.
12:35 of 2nd period - Travis Konecny wins face-off versus Troy Terry in PORTLAND PIRATES zone.
13:08 of 2nd period - Shot by William Carrier.
13:08 of 2nd period - Shot Blocked by Nate Schmidt.
14:11 of 2nd period - Shot by Travis Konecny.
14:11 of 2nd period - Stopped by Daniil Tarasov without a rebound.
14:12 of 2nd period - Robert Thomas wins face-off versus Kevin Hayes in TEXAS TOROS zone.
14:38 of 2nd period - Shot by Taylor Raddysh.
14:38 of 2nd period - Shot Blocked by Marc Staal.
15:26 of 2nd period - Owen Power is hit by Yanni Gourde.
15:32 of 2nd period - Marc Staal is hit by Trevor Zegras and loses puck.
15:41 of 2nd period - Shot by Yegor Chinakhov.
15:41 of 2nd period - Stopped by Martin Jones without a rebound.
15:42 of 2nd period - Mika Zibanejad wins face-off versus Jonathan Toews in PORTLAND PIRATES zone.
15:52 of 2nd period - Jonathan Toews is hit by Travis Konecny and loses puck.
16:14 of 2nd period - Shot by Jonathan Toews.
16:14 of 2nd period - Deflect By Troy Terry.
16:14 of 2nd period - Stopped by Martin Jones without a rebound.
16:15 of 2nd period - Michael McLeod wins face-off versus Ryan Poehling in PORTLAND PIRATES zone.
16:15 of 2nd period - Brett Pesce is hit by Tyson Foerster and loses puck.
16:45 of 2nd period - Icing by Tyson Foerster.
16:46 of 2nd period - Ryan Poehling wins face-off versus Mika Zibanejad in TEXAS TOROS zone.
16:52 of 2nd period - Minor Penalty to Tyson Foerster for Interference.
16:53 of 2nd period - Mika Zibanejad wins face-off versus Danton Heinen in TEXAS TOROS zone.
17:25 of 2nd period - Off-side.
17:26 of 2nd period - Chandler Stephenson wins face-off versus Danton Heinen in neutral zone.
17:42 of 2nd period - Shot by Pavel Zacha.
17:42 of 2nd period - Shot Misses the Net.
18:25 of 2nd period - Icing by Robert Thomas.
18:26 of 2nd period - Mika Zibanejad wins face-off versus Danton Heinen in PORTLAND PIRATES zone.
18:35 of 2nd period - Shot by Mika Zibanejad.
18:35 of 2nd period - Deflect By Travis Konecny.
18:35 of 2nd period - Stopped by Daniil Tarasov with a rebound.
18:59 of 2nd period - Shot by Michael Amadio.
18:59 of 2nd period - Shot Blocked by Ryan Poehling.
Goals for this period are 1 for PORTLAND PIRATES vs 1 for TEXAS TOROS.
Shots for this period are 10 for PORTLAND PIRATES vs 6 for TEXAS TOROS.

3rd period


0:01 of 3rd period - Jonathan Toews wins face-off versus Mika Zibanejad in neutral zone.
0:23 of 3rd period - Shot by Travis Konecny.
0:23 of 3rd period - Shot Blocked by Mikhail Sergachev.
0:25 of 3rd period - Shot by Brett Pesce.
0:25 of 3rd period - Stopped by Daniil Tarasov without a rebound.
0:25 of 3rd period - Minor Penalty to Daniil Tarasov for Slashing.
0:26 of 3rd period - Chandler Stephenson wins face-off versus Danton Heinen in TEXAS TOROS zone.
0:29 of 3rd period - Shot by Yanni Gourde.
0:29 of 3rd period - Deflect By Pavel Zacha.
0:29 of 3rd period - Shot Misses the Net.
1:50 of 3rd period - Shot by Mika Zibanejad.
1:50 of 3rd period - Stopped by Daniil Tarasov with a rebound.
1:56 of 3rd period - Shot by Mika Zibanejad.
1:56 of 3rd period - Stopped by Daniil Tarasov without a rebound.
1:57 of 3rd period - Mika Zibanejad wins face-off versus Danton Heinen in TEXAS TOROS zone.
2:14 of 3rd period - Shot by Travis Konecny.
2:14 of 3rd period - Stopped by Daniil Tarasov with a rebound.
2:16 of 3rd period - Shot by Robert Thomas.
2:16 of 3rd period - Stopped by Daniil Tarasov with a rebound.
2:45 of 3rd period - Icing by Ryan Poehling.
2:46 of 3rd period - Ryan Poehling wins face-off versus Ryan Donato in TEXAS TOROS zone.
3:09 of 3rd period - Shot by Ryan Poehling.
3:09 of 3rd period - Stopped by Martin Jones without a rebound.
3:10 of 3rd period - Kevin Hayes wins face-off versus Michael Amadio in PORTLAND PIRATES zone.
3:46 of 3rd period - Shot by Dougie Hamilton.
3:46 of 3rd period - Stopped by Martin Jones with a rebound.
3:50 of 3rd period - Shot by Kevin Hayes.
3:50 of 3rd period - Deflect By Taylor Raddysh.
3:50 of 3rd period - Shot Blocked by Marc Staal.
4:17 of 3rd period - Yegor Chinakhov is hit by Marc Staal and loses puck.
4:59 of 3rd period - Minor Penalty to Owen Power for High sticking.
4:59 of 3rd period - Minor Penalty to Mika Zibanejad for Hooking.
5:00 of 3rd period - Chandler Stephenson wins face-off versus Jonathan Toews in TEXAS TOROS zone.
5:03 of 3rd period - Shot by Chandler Stephenson.
5:03 of 3rd period - Shot Misses the Net.
5:13 of 3rd period - Shot by Travis Konecny.
5:13 of 3rd period - Deflect By Chandler Stephenson.
5:13 of 3rd period - Stopped by Daniil Tarasov without a rebound.
5:14 of 3rd period - Chandler Stephenson wins face-off versus Jonathan Toews in TEXAS TOROS zone.
5:21 of 3rd period - Shot by Chandler Stephenson.
5:21 of 3rd period - Shot Blocked by Dougie Hamilton.
5:41 of 3rd period - Shot by Jonathan Toews.
5:41 of 3rd period - Stopped by Martin Jones with a rebound.
5:43 of 3rd period - Shot by Mikhail Sergachev.
5:43 of 3rd period - Stopped by Martin Jones without a rebound.
5:44 of 3rd period - Chandler Stephenson wins face-off versus Troy Terry in PORTLAND PIRATES zone.
6:23 of 3rd period - Shot by Tyson Barrie.
6:23 of 3rd period - Shot Misses the Net.
6:28 of 3rd period - Icing by Travis Konecny.
6:29 of 3rd period - Jonathan Toews wins face-off versus Chandler Stephenson in PORTLAND PIRATES zone.
7:38 of 3rd period - Shot by Nate Schmidt.
7:38 of 3rd period - Shot Misses the Net.
7:40 of 3rd period - Shot by Tyson Foerster.
7:40 of 3rd period - Deflect By Jesse Ylonen.
7:40 of 3rd period - Stopped by Martin Jones without a rebound.
7:41 of 3rd period - Jonathan Toews wins face-off versus Mika Zibanejad in PORTLAND PIRATES zone.
7:57 of 3rd period - Icing by Marc Staal.
7:58 of 3rd period - Kevin Hayes wins face-off versus Mika Zibanejad in PORTLAND PIRATES zone.
9:00 of 3rd period - Shot by Chandler Stephenson.
9:00 of 3rd period - Stopped by Daniil Tarasov with a rebound.
9:55 of 3rd period - Minor Penalty to William Carrier for Slashing.
9:56 of 3rd period - Kevin Hayes wins face-off versus Michael McLeod in PORTLAND PIRATES zone.
10:07 of 3rd period - Shot by Kevin Hayes.
10:07 of 3rd period - Shot Misses the Net.
10:43 of 3rd period - Shot by Troy Terry.
10:43 of 3rd period - Stopped by Martin Jones without a rebound.
10:44 of 3rd period - Trevor Zegras wins face-off versus Michael Amadio in PORTLAND PIRATES zone.
11:05 of 3rd period - Jesse Ylonen is hit by Yanni Gourde and loses puck.
11:15 of 3rd period - Off-side.
11:16 of 3rd period - Michael McLeod wins face-off versus Kevin Hayes in neutral zone.
11:45 of 3rd period - Shot by Tyson Barrie.
11:45 of 3rd period - Stopped by Martin Jones without a rebound.
11:46 of 3rd period - Michael McLeod wins face-off versus Trevor Zegras in PORTLAND PIRATES zone.
11:52 of 3rd period - Icing by Dougie Hamilton.
11:53 of 3rd period - Trevor Zegras wins face-off versus Michael McLeod in TEXAS TOROS zone.
12:10 of 3rd period - Shot by Pavel Zacha.
12:10 of 3rd period - Deflect By Mika Zibanejad.
12:10 of 3rd period - Stopped by Daniil Tarasov without a rebound.
12:11 of 3rd period - Chandler Stephenson wins face-off versus Jonathan Toews in TEXAS TOROS zone.
12:42 of 3rd period - Shot by Troy Terry.
12:42 of 3rd period - Stopped by Martin Jones with a rebound.
13:26 of 3rd period - Shot by Taylor Raddysh.
13:26 of 3rd period - Stopped by Martin Jones without a rebound.
13:27 of 3rd period - Michael McLeod wins face-off versus Trevor Zegras in PORTLAND PIRATES zone.
13:27 of 3rd period - Michael McLeod is hit by Wade Allison.
13:49 of 3rd period - Shot by Trevor Zegras.
13:49 of 3rd period - Shot Misses the Net.
13:53 of 3rd period - Shot by Trevor Zegras.
13:53 of 3rd period - Shot Misses the Net.
14:34 of 3rd period - Taylor Raddysh is hit by Nick Holden and loses puck.
14:39 of 3rd period - Shot by Taylor Raddysh.
14:39 of 3rd period - Shot Misses the Net.
15:12 of 3rd period - Travis Konecny is hit by Nate Schmidt and loses puck.
15:29 of 3rd period - Icing by Owen Power.
15:30 of 3rd period - Kevin Hayes wins face-off versus Chandler Stephenson in TEXAS TOROS zone.
15:46 of 3rd period - Shot by Troy Terry.
15:46 of 3rd period - Stopped by Martin Jones with a rebound.
16:20 of 3rd period - Off-side.
16:21 of 3rd period - Mika Zibanejad wins face-off versus Trevor Zegras in neutral zone.
16:48 of 3rd period - Shot by Yegor Chinakhov.
16:48 of 3rd period - Shot Misses the Net.
16:58 of 3rd period - Shot by Trevor Zegras.
16:58 of 3rd period - Stopped by Martin Jones without a rebound.
16:59 of 3rd period - Ryan Poehling wins face-off versus Ryan Donato in PORTLAND PIRATES zone.
17:10 of 3rd period - Shot by Ryan Donato.
17:10 of 3rd period - Stopped by Daniil Tarasov without a rebound.
17:11 of 3rd period - Jonathan Toews wins face-off versus Chandler Stephenson in TEXAS TOROS zone.
17:30 of 3rd period - Shot by Robert Thomas.
17:30 of 3rd period - Deflect By Chandler Stephenson.
17:30 of 3rd period - Shot Blocked by Mikhail Sergachev.
17:32 of 3rd period - Shot by Brett Pesce.
17:32 of 3rd period - Stopped by Daniil Tarasov without a rebound.
17:33 of 3rd period - Travis Konecny wins face-off versus Kevin Hayes in TEXAS TOROS zone.
17:46 of 3rd period - Shot by Mika Zibanejad.
17:46 of 3rd period - Stopped by Daniil Tarasov without a rebound.
17:47 of 3rd period - Trevor Zegras wins face-off versus Chandler Stephenson in TEXAS TOROS zone.
18:05 of 3rd period - Minor Penalty to Wade Allison for Slashing.
18:06 of 3rd period - Mika Zibanejad wins face-off versus Danton Heinen in TEXAS TOROS zone.
18:09 of 3rd period - Shot by Travis Konecny.
18:09 of 3rd period - Shot Blocked by Ryan Suter.
18:11 of 3rd period - Shot by Mika Zibanejad.
18:11 of 3rd period - Shot Misses the Net.
18:47 of 3rd period - Shot by Travis Konecny.
18:47 of 3rd period - Shot Misses the Net.
18:49 of 3rd period - Shot by Alec Martinez.
18:49 of 3rd period - Stopped by Daniil Tarasov without a rebound.
18:50 of 3rd period - Chandler Stephenson wins face-off versus Troy Terry in TEXAS TOROS zone.
19:01 of 3rd period - PORTLAND PIRATES, Martin Jones is pulled from the net.
19:01 of 3rd period - Shot by Chandler Stephenson.
19:01 of 3rd period - Stopped by Daniil Tarasov with a rebound.
19:03 of 3rd period - Shot by Chandler Stephenson.
19:03 of 3rd period - Shot Misses the Net.
19:05 of 3rd period - Shot by Travis Hamonic.
19:05 of 3rd period - Stopped by Daniil Tarasov without a rebound.
19:06 of 3rd period - Troy Terry wins face-off versus Chandler Stephenson in TEXAS TOROS zone.
19:34 of 3rd period - Icing by Pavel Zacha.
19:35 of 3rd period - Martin Jones from PORTLAND PIRATES was sent back in the game.
19:35 of 3rd period - Chandler Stephenson wins face-off versus Troy Terry in PORTLAND PIRATES zone.
19:52 of 3rd period - PORTLAND PIRATES, Martin Jones is pulled from the net.
19:52 of 3rd period - Shot by Travis Hamonic.
19:52 of 3rd period - Shot Blocked by Kevin Hayes.
19:54 of 3rd period - Shot by Yanni Gourde.
19:54 of 3rd period - Stopped by Daniil Tarasov without a rebound.
19:55 of 3rd period - Troy Terry wins face-off versus Mika Zibanejad in TEXAS TOROS zone.
Goals for this period are 0 for PORTLAND PIRATES vs 0 for TEXAS TOROS.
Shots for this period are 15 for PORTLAND PIRATES vs 11 for TEXAS TOROS.


OWEN
TIPPETT
GUSTAV
FORSLING
MATTHEW
BOLDY

EAST COAST

HOCKEY LEAGUE

  • 67.PIT4RHI2
  • 68.ATL5WOR3
  • 69.QUECHW
  • 70.CHATRV